[Event "*** SCC Grand Prix: Titled Tuesday Blitz"]
[Site "Chess.com"]
[Date "2020.07.14"]
[Round "9"]
[White "deep306"]
[Black "AsaHoffmann"]
[Result "1/2-1/2"]
[WhiteElo "2580"]
[BlackElo "2410"]
[TimeControl "180+1"]
[EndTime "11:47:22 PDT"]
[Termination "Game drawn by agreement"]

1. d4 Nf6 2. c4 c5 3. d5 e5 4. Nc3 d6 5. e4 Be7 6. g3 O-O 7. Bg2 Na6 8. Nge2 Bd7 9. O-O Ne8 10. f4 Bf6 11. Be3 Nec7 12. a4 Nb4 13. Qd2 b6 14. Nb5 Bxb5 15. axb5 a6 16. bxa6 Rxa6 17.
Nc3 Qd7 18. Rxa6 Nbxa6 19. f5 b5 20. g4 h6 21. Rf3 bxc4 22. Bf1 Nb5 23. Bxc4 Nd4 24. Rf1 Nb4 25. g5 hxg5 26. Bxg5 Bxg5 27. Qxg5 f6 28. Qg2 Ra8 29. Kh1 Nbc2 30. Qg3 Qf7 31. Rg1 Ra1 32. Rxa1 Nxa1 33. Nb5 Qh5 34. Nxd6 Nac2 35.
Bf1 Qd1 36. Qg1 Ne3 37. Qxe3 Qxf1+ 38. Qg1 Qf3+ 39. Qg2 Qd1+ 40. Qg1 Qf3+ 1/2-1/2

[Event "*** SCC Grand Prix: Titled Tuesday Blitz"]
[Site "Chess.com"]
[Date "2020.07.14"]
[Round "9"]
[White "GuuBol"]
[Black "LuckSlayeer"]
[Result "0-1"]
[WhiteElo "2236"]
[BlackElo "2392"]
[TimeControl "180+1"]
[EndTime "11:47:22 PDT"]
[Termination "LuckSlayeer won by resignation"]

1. e4 c5 2. d4 cxd4 3. c3 Nf6 4. e5 Nd5 5. Nf3 Nc6 6. cxd4 e6 7. a3 d6 8. Bd3 Be7 9. O-O O-O 10. Re1 dxe5 11.
dxe5 b6 12. Nbd2 Bb7 13. b4 Nf4 14. Bf1 Nd3 15. Re3 Nxc1 16. Rxc1 Rc8 17. Qb3 Nd4 18. Rxc8 Nxf3+ 19. Nxf3 Qxc8 20. Nd4 Rd8 21. Nb5 Qc1 22. Rd3 Bd5 23. Qd1 Qg5 24. Qe1 Rc8 25. Rc3 Rxc3 26. Qxc3 h5 27. Nxa7 h4 28. h3 f6 29. Nc6 Bf8 30. b5 Bc5 31. a4 Qf4 32. Qe1 f5 33. a5 bxa5 34. Nxa5 g5 35. Nc6 g4 36. Qe2 g3 37. Nd8 Bxf2+ 38. Kh1 Bb6 39. Qe1 Bxd8 0-1

[Event "*** SCC Grand Prix: Titled Tuesday Blitz"]
[Site "Chess.com"]
[Date "2020.07.14"]
[Round "9"]
[White "Chernobay_Artem"]
[Black "amatatanav"]
[Result "0-1"]
[WhiteElo "2618"]
[BlackElo "2490"]
[TimeControl "180+1"]
[EndTime "11:47:23 PDT"]
[Termination "amatatanav won on time"]

1. d4 Nf6 2. c4 e6 3. Nf3 d5 4. g3 Be7 5. Bg2 O-O 6. O-O Nbd7 7. Qc2 c6 8. Bf4 b6 9. a4 Ba6 10. b3 Rc8 11. a5 bxa5 12. c5 Ne4 13. Rd1 Bf6 14. Ra2 Re8 15. h4 Bb5 16. e3 h6 17.
h5 Be7 18. Nc3 Nxc3 19. Qxc3 Nf6 20. Qxa5 Qxa5 21. Rxa5 a6 22. Bf1 Bd8 23. Ra2 Nxh5 24. Bxb5 axb5 25. Bd6 Nf6 26. Rda1 Ne4 27. Ra7 Bf6 28. Rb7 Red8 29. Raa7 Nxd6 30. cxd6 Rxd6 31. Rxf7 c5 32. Ne5 cxd4 33. exd4 Rdd8 34. Rab7 Rb8 35. Ra7 Rdc8 0-1

[Event "*** SCC Grand Prix: Titled Tuesday Blitz"]
[Site "Chess.com"]
[Date "2020.07.14"]
[Round "9"]
[White "aloe_normansen"]
[Black "LilRag"]
[Result "1/2-1/2"]
[WhiteElo "2255"]
[BlackElo "2502"]
[TimeControl "180+1"]
[EndTime "11:47:24 PDT"]
[Termination "Game drawn by agreement"]

1. e4 c5 2. Nf3 e6 3. d4 cxd4 4. Nxd4 a6 5. Nc3 Qc7 6. g3 Nf6 7. Bg2 Nc6 8. O-O Be7 9. Kh1 O-O 10. f4 d6 11. Be3 Bd7 12. g4 Nxd4 13. Bxd4 e5 14.
g5 exd4 15. gxf6 dxc3 16. fxe7 Rfe8 17. bxc3 Rxe7 18. Qd4 Bc6 19. Rad1 Rd8 20. e5 Bxg2+ 21. Kxg2 Red7 22. Qe3 dxe5 23. Rxd7 Qxd7 24. fxe5 h6 25.
Qf3 Rf8 26. c4 Qe6 27. Qd5 Qg6+ 28. Kh1 Re8 29. c5 Qc6 30. Qxc6 bxc6 31. Re1 Re6 32.
Kg2 f6 33. Kf3 Kf7 34. Kf4 g5+ 35. Kf5 h5 36. Re4 g4 37. a4 a5 38. c3 Rxe5+ 39.
Rxe5 fxe5 40. Kxe5 h4 41. Kf4 g3 42. hxg3 hxg3 43.
Kxg3 Ke6 44. Kf4 Kd5 45. Ke3 Kxc5 46. Kd3 Kd5 47. c4+ Kc5 48. Kc3 Kd6 49. Kd4 c5+ 50. Ke4 Ke6 51. Kf4 Kf6 1/2-1/2

[Event "*** SCC Grand Prix: Titled Tuesday Blitz"]
[Site "Chess.com"]
[Date "2020.07.14"]
[Round "9"]
[White "Rish_97"]
[Black "thedjoker98"]
[Result "0-1"]
[WhiteElo "2666"]
[BlackElo "2533"]
[TimeControl "180+1"]
[EndTime "11:47:25 PDT"]
[Termination "thedjoker98 won by resignation"]

1. Nf3 d5 2. g3 c6 3. Bg2 Nf6 4.
c4 Bg4 5. Ne5 Be6 6. cxd5 Bxd5 7. Nf3 c5 8. Nc3 Bc6 9. d3 e6 10. O-O Be7 11. e4 Nbd7 12. Qe2 O-O 13. h3 b5 14. a4 b4 15. Nb1 c4 16. dxc4 Bxe4 17. Rd1 Qc8 18. Nbd2 Bc6 19. b3 Nc5 20. Bb2 Rd8 21.
Nd4 Bxg2 22. Kxg2 Qb7+ 23. Qf3 Qxf3+ 24. N2xf3 Nfe4 25. Nc6 Rxd1 26. Rxd1 Bf6 27. Bxf6 gxf6 28. Nfd4 a5 29. Nb5 Nxb3 30. Nc7 Rf8 31. Na6 Nbc5 32.
Nxc5 Nxc5 33. Nxa5 Nxa4 34. Rb1 Rc8 35. Rxb4 Nc5 36.
Rb5 Nd3 37. Rb3 Ne5 38. Rc3 Rc5 39. Nb3 Rxc4 40. Rxc4 Nxc4 41. Nd4 f5 42. Ne2 Kg7 43. h4 Kf6 44. Nf4 Ne5 45. Ne2 Nd3 46. Nd4 Ke5 47. Nf3+ Kf6 48. Nd4 h6 49. Ne2 Ke5 50. Nc3 Nc1 51.
Nd1 Ke4 52. Ne3 Nd3 53. Nc4 Ne5 54. Nd6+ Kd5 55. Ne8 Nd7 56. Kf3 Ke5 57. Ng7 Nf6 58.
Ke3 Kd6 59. Kf4 Ke7 60. f3 Kf8 61. Nxf5 exf5 62. Kxf5 Kg7 63. g4 Ng8 64. g5 Ne7+ 65. Ke5 Ng6+ 66. Kf5 Nxh4+ 67. Kg4 hxg5 68. Kxg5 Nxf3+ 69. Kf4 0-1

[Event "*** SCC Grand Prix: Titled Tuesday Blitz"]
[Site "Chess.com"]
[Date "2020.07.14"]
[Round "9"]
[White "dodorox"]
[Black "Khazieva_Elza"]
[Result "0-1"]
[WhiteElo "2137"]
[BlackElo "2333"]
[TimeControl "180+1"]
[EndTime "11:47:26 PDT"]
[Termination "Khazieva_Elza won on time"]

1. d4 Nf6 2. c4 d6 3. Nc3 Bf5 4. Nf3 c6 5. e3 h6 6. Be2 Nbd7 7.
b3 e5 8. d5 Be7 9. Bb2 O-O 10.
O-O Ne4 11. Nxe4 Bxe4 12. dxc6 bxc6 13. Nd2 Bg6 14. Bf3 Rc8 15. e4 Nc5 16. Qe2 Ne6 17. g3 f5 18. exf5 Bxf5 19. Rad1 Ng5 20. Bg2 Bh3 21.
Bxh3 Nxh3+ 22. Kg2 Qd7 23. Ne4 Ng5 24. Nxg5 Bxg5 25.
h4 Bf6 26. Qe4 Qe6 27. Rd3 Rcd8 28. Rfd1 Rf7 29. f4 Qg4 30. Qf3 Qxf3+ 31. Kxf3 e4+ 32. Kxe4 Bxb2 33. Rxd6 Re7+ 34. Kf3 Rde8 35. Rxc6 Re3+ 36. Kg2 Re2+ 37. Kh3 h5 38. Re6 R2xe6 0-1

[Event "*** SCC Grand Prix: Titled Tuesday Blitz"]
[Site "Chess.com"]
[Date "2020.07.14"]
[Round "9"]
[White "deribas12345"]
[Black "penguingm1"]
[Result "0-1"]
[WhiteElo "2645"]
[BlackElo "2958"]
[TimeControl "180+1"]
[EndTime "11:47:27 PDT"]
[Termination "penguingm1 won by resignation"]

1. d4 d5 2. c4 e6 3. Nc3 Be7 4.
cxd5 exd5 5. Nf3 c6 6. Bf4 Bf5 7. e3 Nf6 8. Bd3 Bxd3 9. Qxd3 O-O 10. O-O Nh5 11. Be5 Nd7 12. Rad1 Re8 13. a3 a5 14. Bg3 Nxg3 15. hxg3 Nf6 16. Qf5 Bd6 17. Rfe1 Qb6 18. Re2 Re7 19. g4 Rae8 20. g5 Ne4 21. Nxe4 Rxe4 22. g3 Qd8 23. Kg2 Qc8 24. Qxc8 Rxc8 25.
b4 Ra8 26. Rb1 Re7 27. Rc2 Rc7 28. Ne1 axb4 29. axb4 Ra3 30. b5 Ra5 31. bxc6 bxc6 32.
Rb8+ Bf8 33. Nd3 g6 34. Nb4 Kg7 35. Rxc6 Rxc6 36. Nxc6 Ra6 37. Ne5 Bd6 38. Nd7 Bxb8 39. Nxb8 Rd6 40. f4 Kf8 41. Kf3 Ke8 42. e4 Rb6 43.
exd5 Rxb8 44. Ke4 Rb6 45. g4 Ke7 46. f5 Kd6 47. fxg6 hxg6 48. Kf4 Kxd5 49. Kg3 Kxd4 50. Kh4 Ke4 51. Kg3 Ke3 52. Kh4 Kf4 53. Kh3 Kxg5 0-1

[Event "*** SCC Grand Prix: Titled Tuesday Blitz"]
[Site "Chess.com"]
[Date "2020.07.14"]
[Round "9"]
[White "WelshTiger"]
[Black "brunoo2003"]
[Result "0-1"]
[WhiteElo "2356"]
[BlackElo "2291"]
[TimeControl "180+1"]
[EndTime "11:47:27 PDT"]
[Termination "brunoo2003 won by checkmate"]

1. e4 c5 2. Nf3 Nc6 3. Bb5 g6 4. Bxc6 dxc6 5. h3 Bg7 6. d3 Nf6 7. Nc3 Nd7 8. Be3 e5 9. Qd2 h6 10. Nh2 Qe7 11. f4 exf4 12. Bxf4 Nf8 13. O-O g5 14.
Bg3 Be6 15. Rae1 Nd7 16. Nd5 cxd5 17. exd5 O-O 18. dxe6 fxe6 19. Rxf8+ Rxf8 20. b3 Bd4+ 21. Kh1 Qf6 22. Nf3 Bc3 23. Qe2 Bxe1 24. Qxe1 Re8 25.
Qe4 b6 26. Qc6 Qe7 27. Bd6 Qf7 28. a4 e5 29. Nd2 Nf6 30. Nc4 e4 31. Be5 exd3 32.
cxd3 Re6 33. Qa8+ Re8 34. Qc6 Re6 35. Qa8+ Qe8 36. Qxa7 Rxe5 37. Nxe5 Qxe5 38. Qxb6 g4 39. Qd8+ Kg7 40. hxg4 Kg6 41. Qc8 Qe1+ 42. Kh2 Qe5+ 43.
Kh1 Kg5 44. Qf5+ Qxf5 45. gxf5 Kxf5 46. a5 Nd5 47. Kh2 Ke5 48. Kh3 Kd4 49. Kh4 Kxd3 50. Kh5 Kc3 51. Kxh6 Kxb3 52. g4 c4 53. g5 c3 54. g6 c2 55. g7 c1=Q+ 56. Kh7 Ne7 57. a6 Qh1# 0-1

[Event "*** SCC Grand Prix: Titled Tuesday Blitz"]
[Site "Chess.com"]
[Date "2020.07.14"]
[Round "9"]
[White "grandcoach"]
[Black "DishonorOnYourCow"]
[Result "0-1"]
[WhiteElo "2112"]
[BlackElo "2325"]
[TimeControl "180+1"]
[EndTime "11:47:27 PDT"]
[Termination "DishonorOnYourCow won on time"]

1. e4 e5 2. Nf3 Nc6 3. d4 exd4 4.
c3 Nf6 5. e5 Ne4 6. Qe2 Nc5 7.
cxd4 Ne6 8. d5 Ncd4 9. Nxd4 Nxd4 10. Qe4 c5 11. Nc3 g6 12. Bc4 Bg7 13. O-O O-O 14. Be3 Re8 15. f4 d6 16. Bxd4 cxd4 17.
Qxd4 dxe5 18. fxe5 Bxe5 19. Qf2 Qb6 20. Rae1 Bd4 21.
Rxe8+ Kg7 22. Re7 Bxf2+ 23. Rxf2 Bf5 24. g4 Bxg4 25. Rxf7+ Kh6 26. Ne4 Re8 27. Rxh7+ Kxh7 28. Nf6+ Kh6 29. Nxe8 Qe3 30. Bf1 Qxe8 31. d6 Qd7 32. Rd2 Bf3 33. Bc4 Qg4+ 34. Kf2 Bc6 35. Bf1 Qf4+ 36.
Ke1 Qe3+ 37. Be2 Bb5 38. d7 Bxd7 39. Rxd7 Qg1+ 40. Kd2 Qxh2 0-1

[Event "*** SCC Grand Prix: Titled Tuesday Blitz"]
[Site "Chess.com"]
[Date "2020.07.14"]
[Round "9"]
[White "sorito"]
[Black "Witik"]
[Result "0-1"]
[WhiteElo "2467"]
[BlackElo "2680"]
[TimeControl "180+1"]
[EndTime "11:47:28 PDT"]
[Termination "Witik won on time"]

1. Nf3 Nf6 2. g3 d5 3. Bg2 c6 4. O-O Bg4 5. b3 Nbd7 6. Bb2 e6 7. c4 Be7 8. Nc3 O-O 9. h3 Bh5 10. d3 Re8 11. Rc1 Bf8 12. Qc2 Qb8 13. Qb1 a6 14.
Qa1 e5 15. cxd5 cxd5 16. g4 Bg6 17. Nh4 d4 18. Nd5 Nxd5 19. Bxd5 Nf6 20. Bg2 a5 21.
Rc4 Ra6 22. Rfc1 b5 23. Rc7 Ra7 24. R7c6 a4 25. bxa4 bxa4 26. Nxg6 hxg6 27. a3 Rb7 28. R6c2 Rb3 29. Bc6 Re6 30. Bxa4 Rb7 31. f3 e4 32. Kg2 Qf4 33. Bxd4 Bd6 34. Rh1 exf3+ 35. exf3 Qg3+ 36.
Kf1 Qxf3+ 37. Kg1 Rbe7 38. Bf2 Bg3 39. Qf1 Nd5 40. Bc6 Re1 41. Bxe1 Rxe1 42. Qxe1 Bxe1 0-1

[Event "*** SCC Grand Prix: Titled Tuesday Blitz"]
[Site "Chess.com"]
[Date "2020.07.14"]
[Round "9"]
[White "ChessicallyInclined"]
[Black "Dinamo81"]
[Result "0-1"]
[WhiteElo "2511"]
[BlackElo "2658"]
[TimeControl "180+1"]
[EndTime "11:47:29 PDT"]
[Termination "Dinamo81 won by resignation"]

1. d4 d5 2. c4 e6 3. Nc3 a6 4. cxd5 exd5 5. Qb3 Nc6 6. Nf3 Nge7 7. Bg5 f6 8. Bh4 g5 9. Bg3 g4 10. Nh4 Nxd4 11.
Qd1 Ndf5 12. e3 Nxh4 13. Bxh4 Ng6 14. Bg3 c6 15. Bd3 Bd6 16. Qc2 Kf7 17. e4 d4 18.
Ne2 Be6 19. Bc4 Re8 20. Nxd4 Bb4+ 21. Kf1 Qxd4 22. Bxe6+ Rxe6 23. Rd1 Qxe4 24. Rd7+ Ne7 25. Qxe4 Rxe4 26. f3 gxf3 27. gxf3 Re6 28. Rxb7 Bd6 29. Kf2 Rd8 30. Kg2 Bc5 31. Kh3 Rd2 32. Kg4 Bd4 33.
b3 c5 34. a4 Kg6 35. h4 h5+ 36. Kh3 Nf5 37. Bf4 Rd3 38. Rf1 Be3 39. Bb8 Nd4 40. Rc7 Nxb3 41. Rb7 Nd2 42. Rd1 c4 43. Ba7 Nxf3 44.
Rd2 Bxd2 0-1

[Event "*** SCC Grand Prix: Titled Tuesday Blitz"]
[Site "Chess.com"]
[Date "2020.07.14"]
[Round "9"]
[White "Korona_91"]
[Black "QuintilianoR"]
[Result "0-1"]
[WhiteElo "2503"]
[BlackElo "2651"]
[TimeControl "180+1"]
[EndTime "11:47:30 PDT"]
[Termination "QuintilianoR won by checkmate"]

1. e4 c5 2. Nf3 d6 3. Bb5+ Nd7 4. a4 Nf6 5. Nc3 e6 6. O-O Be7 7. a5 a6 8. Bc4 O-O 9. d3 Qc7 10. Bd2 b5 11. axb6 Nxb6 12. Ba2 Bb7 13. Qe2 Nfd7 14. d4 cxd4 15. Nxd4 Bf6 16. Be3 Rac8 17. f3 Rfe8 18. Rad1 d5 19. Qf2 e5 20. Nf5 d4 21. Qg3 dxe3 22. Nh6+ Kf8 23. Nxf7 Qc5 24. Kh1 Qa5 25. Ra1 Rxc3 26. bxc3 e2 27. Rfe1 Qxc3 28. Nd6 Rb8 29. Qh3 Nc5 30. Qxh7 Ke7 31. Nf5+ Kd7 32. Nxg7 Kc6 33.
Qg6 Ncd7 34. Ne8 Rxe8 35. Qxe8 Bh4 36. Bd5+ Kc7 37. Bxb7 Bxe1 38. Qe6 Qxa1 39. Qc6+ Kb8 40. g4 Bc3+ 41. Kg2 Qf1+ 42. Kg3 Be1# 0-1

[Event "*** SCC Grand Prix: Titled Tuesday Blitz"]
[Site "Chess.com"]
[Date "2020.07.14"]
[Round "9"]
[White "Artem_Sadovsky"]
[Black "MFguimaraes"]
[Result "0-1"]
[WhiteElo "2526"]
[BlackElo "2401"]
[TimeControl "180+1"]
[EndTime "11:47:30 PDT"]
[Termination "MFguimaraes won on time"]

1. Nf3 Nf6 2. c4 c6 3. b3 d5 4.
Bb2 Bg4 5. e3 Nbd7 6. Be2 g6 7.
O-O Bg7 8. d3 O-O 9. Nbd2 Re8 10. h3 Bxf3 11. Bxf3 e5 12. cxd5 cxd5 13. d4 Ne4 14.
Nxe4 dxe4 15. Bxe4 exd4 16. Bxb7 dxe3 17. Bxg7 e2 18.
Qd4 exf1=Q+ 19. Rxf1 Rb8 20. Bc6 Qb6 21. Qxb6 Rxb6 22.
Bxd7 Rd8 23. Bd4 Rd6 24. Bxa7 R8xd7 25. Bc5 Ra6 26. Ra1 Rd3 27. b4 Rda3 28. Rd1 Rxa2 29. Rd8+ Kg7 30. Bd4+ Kh6 31. Be3+ Kg7 32. Bd4+ f6 33.
Rd7+ Kh6 34. Be3+ g5 35. b5 Ra1+ 36. Kh2 Re6 37. b6 Rb1 38. b7 Ra6 39. h4 Kg6 40.
hxg5 fxg5 41. Bd4 h6 42. g4 h5 43. Rg7+ Kh6 44. gxh5 Kxh5 45. Be5 Rab6 46. b8=Q Rxb8 0-1

[Event "*** SCC Grand Prix: Titled Tuesday Blitz"]
[Site "Chess.com"]
[Date "2020.07.14"]
[Round "9"]
[White "PotapovaM"]
[Black "MF1966Idrisov"]
[Result "0-1"]
[WhiteElo "2474"]
[BlackElo "2348"]
[TimeControl "180+1"]
[EndTime "11:47:31 PDT"]
[Termination "MF1966Idrisov won by checkmate"]

1. d4 d6 2. e4 Nd7 3. Nc3 e5 4. Nf3 Be7 5. Bc4 c6 6. a4 h6 7. O-O Ngf6 8. Re1 O-O 9. h3 a5 10. d5 Qc7 11. b3 Re8 12. Ba3 Nf8 13. Nh4 Nxd5 14. exd5 Bxh4 15. dxc6 Qxc6 16. Ne4 Qb6 17.
g3 Be7 18. Nc3 Be6 19. Nd5 Bxd5 20. Bxd5 Ne6 21. Qh5 Rf8 22. Rad1 Rad8 23. Bc1 Bg5 24. Ba3 Nd4 25. h4 Bf6 26. c3 Ne6 27. Bc1 Nc7 28.
Be4 d5 29. Bb1 e4 30. c4 Bd4 31. Kg2 f5 32. Ba3 Rf6 33. cxd5 Nxd5 34. Bc1 Bxf2 35.
Rf1 Ne3+ 36. Bxe3 Bxe3 37. Rxd8+ Qxd8 38. Qe2 Qd4 39. Rd1 Qb6 40. Ba2 Bc5 41. Qc4+ Kh7 42.
Rd7 Qb4 43. Qd5 Qe1 44. Rd8 Qe2+ 45. Kh1 Qf1+ 46. Kh2 Qg1+ 47. Kh3 Qh1# 0-1

[Event "*** SCC Grand Prix: Titled Tuesday Blitz"]
[Site "Chess.com"]
[Date "2020.07.14"]
[Round "9"]
[White "Cocaino74"]
[Black "artichaud"]
[Result "1-0"]
[WhiteElo "2320"]
[BlackElo "2075"]
[TimeControl "180+1"]
[EndTime "11:47:32 PDT"]
[Termination "Cocaino74 won on time"]

1. e4 d6 2. d4 Nf6 3. Nc3 c6 4. Nf3 Bg4 5. h3 Bh5 6. Be3 Qa5 7. Bd3 d5 8. e5 Ne4 9. g4 Bg6 10. Nh4 Nxc3 11. bxc3 Qxc3+ 12. Ke2 Bxd3+ 13. cxd3 e6 14. Nf3 Qa5 15. Rb1 Qa6 16. Qb3 b6 17. Rhc1 Be7 18.
h4 h5 19. g5 g6 20. Ne1 O-O 21. f4 Rc8 22. Rc3 Nd7 23. Rbc1 c5 24. Qc2 Rc7 25.
Kf3 Rac8 26. Qb1 c4 27. a3 Qb7 28. Qc2 b5 29. dxc4 dxc4+ 30. Qe4 Qxe4+ 31. Kxe4 Nb6 32. Rb1 Nd5 33. Rc2 a6 34. Bd2 Bxa3 35. Ba5 Rc6 36.
Ra2 Bf8 37. Nc2 c3 38. Rb3 Rc4 39. Ra1 Be7 40. Ra2 Kf8 41. Ra1 Ke8 42. Ra2 Kd7 43. Ra1 R8c6 44. Rbb1 Kc8 45. Ra2 Kb7 46. Rb3 b4 47.
Ra4 Rb6 48. Kd3 Rbc6 49. Ke4 Nb6 50. Ra1 Nd5 51. Rab1 Ka7 52. Nxb4 Nxb4 53. Bxb4 c2 54. Bc5+ R6xc5 55. Rb7+ 1-0

[Event "*** SCC Grand Prix: Titled Tuesday Blitz"]
[Site "Chess.com"]
[Date "2020.07.14"]
[Round "9"]
[White "Juanovic"]
[Black "TheWolfSpur"]
[Result "0-1"]
[WhiteElo "2098"]
[BlackElo "2282"]
[TimeControl "180+1"]
[EndTime "11:47:32 PDT"]
[Termination "TheWolfSpur won on time"]

1. e4 c5 2. Nf3 Nc6 3. Nc3 Nf6 4. g3 e6 5. Bg2 d6 6. O-O Be7 7. Re1 O-O 8. d4 cxd4 9. Nxd4 Bd7 10. Ndb5 Qb8 11. Bf4 Ne5 12. a4 a6 13. Nd4 Qc7 14.
Bxe5 dxe5 15. Nb3 Rfd8 16. Qf3 Bb4 17. Red1 Rac8 18. Rd3 Be8 19. Rxd8 Rxd8 20. h3 Rc8 21. Rd1 Bxc3 22. Qxc3 Qxc3 23. bxc3 Bxa4 24. Rd3 Bb5 25. Rd2 Kf8 26. Na5 b6 27. c4 Bxc4 28. Nxc4 Rxc4 29. Rd8+ Ke7 30. Rb8 Rc6 31. Rb7+ Nd7 32. Bf1 b5 33. Bd3 Kd8 34. Ra7 h5 35. Ra8+ Ke7 36. Kg2 g6 37. h4 Nc5 38. Kf3 Nxd3 39. cxd3 Kf6 40. Ke3 Rd6 41.
f4 exf4+ 42. gxf4 Rb6 43. Kd4 b4 44. e5+ Kf5 45. Kc4 b3 46. Kc3 b2 0-1

[Event "*** SCC Grand Prix: Titled Tuesday Blitz"]
[Site "Chess.com"]
[Date "2020.07.14"]
[Round "9"]
[White "amintabatabaei"]
[Black "Colchonero64"]
[Result "1/2-1/2"]
[WhiteElo "3017"]
[BlackElo "2952"]
[TimeControl "180+1"]
[EndTime "11:47:33 PDT"]
[Termination "Game drawn by agreement"]

1. e4 e6 2. d4 d5 3. exd5 exd5 4. Nf3 Nf6 5. Bd3 Bd6 6. Qe2+ Be6 7. Ng5 Qe7 8. Nxe6 fxe6 9. c3 O-O 10. O-O Nbd7 11.
f4 c5 12. Nd2 cxd4 13. cxd4 Rac8 14. Nf3 Ne4 15. Bxe4 dxe4 16. Qxe4 Nf6 17. Qe2 Kh8 18.
Re1 Qc7 19. g3 Qc6 20. Bd2 Qd5 21. Rac1 Rxc1 22. Bxc1 Bb4 23. Rd1 Qxa2 24. Ng5 Re8 25. Qb5 Ba5 26. Bd2 Bxd2 27. Rxd2 Qd5 28. Qxd5 exd5 29.
Rc2 h6 30. Nf7+ Kg8 31. Rc7 Re2 32. Rxb7 Ne4 33. Ne5 g5 34. f5 h5 35. Nc6 g4 36.
Ne7+ Kf8 37. Ng6+ Kg8 38. Nf4 Rd2 39. Nxh5 Rd1+ 40. Kg2 Rd2+ 41. Kf1 Rxh2 42. Nf4 Nxg3+ 43. Kg1 Rd2 44. Nxd5 Nxf5 45. Nf6+ Kf8 46. Nxg4 Nxd4 47. Ne5 a5 1/2-1/2

[Event "*** SCC Grand Prix: Titled Tuesday Blitz"]
[Site "Chess.com"]
[Date "2020.07.14"]
[Round "9"]
[White "eightbyeightchess"]
[Black "ClassyEl"]
[Result "0-1"]
[WhiteElo "2412"]
[BlackElo "2543"]
[TimeControl "180+1"]
[EndTime "11:47:33 PDT"]
[Termination "ClassyEl won by resignation"]

1. e4 c5 2. Nf3 e6 3. d4 cxd4 4.
Nxd4 Nc6 5. Nc3 Qc7 6. Be2 a6 7. Be3 Nf6 8. O-O Be7 9. Nxc6 bxc6 10. f4 d5 11. e5 Nd7 12. Na4 c5 13. c4 d4 14. Bd2 Bb7 15. Bf3 O-O 16. Qe1 Rab8 17. Rb1 Bc6 18. b3 Rb7 19. Nb2 Ra8 20. Ba5 Qc8 21. Nd3 Bd8 22. Bd2 a5 23. f5 Nf8 24.
fxe6 Nxe6 25. Bd5 a4 26. Qe4 Ra6 27. bxa4 Rxb1 28. Rxb1 h6 29. Qf5 Rxa4 30. Nxc5 Bxd5 31. cxd5 Qxc5 32. dxe6 d3+ 33. Kh1 fxe6 34. Qxe6+ Kh7 35. Qf5+ Kg8 36. Qe6+ Kh7 37. Qf5+ Kg8 38. Rf1 Qe7 39.
Qxd3 Ra7 40. Bc3 Bb6 41. Qc4+ Kh7 42. e6 Rc7 43. Qd3+ Kg8 44. Qe3 Bxe3 0-1

[Event "*** SCC Grand Prix: Titled Tuesday Blitz"]
[Site "Chess.com"]
[Date "2020.07.14"]
[Round "9"]
[White "malakismayil"]
[Black "KonstantinB_1983"]
[Result "0-1"]
[WhiteElo "2249"]
[BlackElo "2412"]
[TimeControl "180+1"]
[EndTime "11:47:34 PDT"]
[Termination "KonstantinB_1983 won on time"]

1. e4 c6 2. d4 d5 3. exd5 cxd5 4. Bd3 Nc6 5. c3 Nf6 6. h3 g6 7. Nf3 Bg7 8. O-O O-O 9. Bb5 Bd7 10. Bxc6 Bxc6 11. Nbd2 Ne4 12. Re1 Qd6 13. Qe2 f5 14. c4 e6 15. c5 Qc7 16. Nb3 h6 17. Nbd2 g5 18. b4 e5 19. dxe5 g4 20. hxg4 fxg4 21.
Nd4 Bxe5 22. Qxg4+ Kh7 23. N2f3 Bh2+ 24. Kf1 Bd7 25.
Qh4 Bf4 26. Qe7+ Kg6 27. Nh4+ Kh5 28. Nhf3 Rae8 29. Qh4+ Kg6 30. Kg1 Kh7 31. Be3 Bxe3 32. Rxe3 Rg8 33. Rae1 Rg7 34. R1e2 Reg8 35. Ne1 Rg4 36.
Qe7+ R8g7 37. Qf8 Rf4 38. Qa8 Bg4 0-1

[Event "*** SCC Grand Prix: Titled Tuesday Blitz"]
[Site "Chess.com"]
[Date "2020.07.14"]
[Round "9"]
[White "secretsuperstar7"]
[Black "tan275"]
[Result "0-1"]
[WhiteElo "2096"]
[BlackElo "2257"]
[TimeControl "180+1"]
[EndTime "11:47:34 PDT"]
[Termination "tan275 won by resignation"]

1. d4 d5 2. c4 e6 3. Nc3 Nf6 4. cxd5 exd5 5. Bg5 Be7 6. e3 c6 7. Bd3 Nbd7 8. Nge2 Nh5 9. Bxe7 Qxe7 10. Qc2 g6 11. g4 Nhf6 12. h3 Nb6 13. O-O-O Be6 14.
Nf4 O-O-O 15. Na4 Nxa4 16. Qxa4 Kb8 17. Kb1 Bd7 18. Qb3 Ka8 19. Rc1 g5 20. Ne2 Ne4 21. Bxe4 Qxe4+ 22. Ka1 f5 23. Ng3 Qf3 24. gxf5 Bxf5 25.
Nxf5 Qxf5 26. Rcf1 h5 27. f3 Rdf8 28. h4 g4 29. a4 gxf3 30. a5 a6 31. Rhg1 Rhg8 32. e4 Qxe4 33. Rxg8 Rxg8 34. Rxf3 Qe1+ 35. Ka2 Qxa5+ 36.
Qa3 Qxa3+ 37. Kxa3 Rg4 38. Rh3 Rxd4 39. Kb3 Rc4 40.
Ka3 Ka7 41. b3 Re4 42. Kb2 b5 43. Kc2 Kb6 44. Kd3 a5 0-1

[Event "*** SCC Grand Prix: Titled Tuesday Blitz"]
[Site "Chess.com"]
[Date "2020.07.14"]
[Round "9"]
[White "13MiRacLe"]
[Black "ChainsOfFantasia"]
[Result "1-0"]
[WhiteElo "2637"]
[BlackElo "2479"]
[TimeControl "180+1"]
[EndTime "11:47:35 PDT"]
[Termination "13MiRacLe won on time"]

1. e4 e6 2. d4 d5 3. Nc3 Nf6 4. e5 Nfd7 5. Nce2 c5 6. c3 b5 7.
Nf3 b4 8. Nf4 bxc3 9. bxc3 cxd4 10. cxd4 Bb4+ 11. Bd2 Bxd2+ 12. Qxd2 O-O 13. Bd3 Ba6 14.
h4 Bxd3 15. Qxd3 Qa5+ 16. Ke2 Nb6 17. Ng5 Qa6 18. Qxa6 Nxa6 19. Nf3 Rfc8 20. Rhc1 Rab8 21. Nd2 Na4 22. Nb3 Nb4 23. Rxc8+ Rxc8 24. Rc1 Rxc1 25. Nxc1 Nc3+ 26. Kd2 Ncxa2 27. Nxa2 Nxa2 28. Nd3 a5 29. Kc2 h5 30. Kb3 Nb4 31. Nxb4 axb4 32. Kxb4 Kh7 33. Kc5 Kg6 34. Kd6 Kf5 35. f3 f6 36. exf6 gxf6 37.
g3 e5 38. Kxd5 exd4 39. Kxd4 Ke6 40. g4 Kd6 41. Ke4 Ke6 42. Kf4 1-0

[Event "*** SCC Grand Prix: Titled Tuesday Blitz"]
[Site "Chess.com"]
[Date "2020.07.14"]
[Round "9"]
[White "KaterynaLagno"]
[Black "shav3184"]
[Result "1-0"]
[WhiteElo "2730"]
[BlackElo "2317"]
[TimeControl "180+1"]
[EndTime "11:47:35 PDT"]
[Termination "KaterynaLagno won by checkmate"]

1. e4 e5 2. Nf3 Nc6 3. Bb5 a6 4.
Ba4 Nf6 5. O-O b5 6. Bb3 Bc5 7.
a4 Rb8 8. axb5 axb5 9. Nxe5 Nxe5 10. d4 Bxd4 11. Qxd4 d6 12. f4 c5 13. Qc3 Ng6 14.
e5 Ng4 15. h3 Nh6 16. e6 fxe6 17. Qxg7 Nf5 18. Qc3 c4 19. Ba2 O-O 20. Nd2 d5 21.
Nf3 d4 22. Qe1 Qd5 23. b3 Bb7 24. bxc4 bxc4 25. Rb1 Ba8 26. Rb4 Rxb4 27. Qxb4 Rc8 28. Qe1 Nfh4 29. Kh2 Nxf3+ 30. Rxf3 Qf5 31. Rf2 Kh8 32. Bb2 Qd5 33. Rd2 Nxf4 34. Bxd4+ Kg8 35. Qg3+ Ng6 36. c3 e5 37. Be3 Qa5 38. Bb1 Kg7 39. Rd7+ Kf8 40. Bxg6 hxg6 41. Qf2+ Ke8 42. Qf7# 1-0

[Event "*** SCC Grand Prix: Titled Tuesday Blitz"]
[Site "Chess.com"]
[Date "2020.07.14"]
[Round "9"]
[White "Monmoransy"]
[Black "Schandenfreude"]
[Result "1-0"]
[WhiteElo "2622"]
[BlackElo "2453"]
[TimeControl "180+1"]
[EndTime "11:47:35 PDT"]
[Termination "Monmoransy won on time"]

1. e4 c6 2. d4 d5 3. Nd2 dxe4 4.
Nxe4 Nd7 5. Nf3 Ngf6 6. Nxf6+ Nxf6 7. Ne5 Nd7 8. Bf4 Nxe5 9. Bxe5 Bf5 10. Bc4 e6 11.
Qe2 Bd6 12. O-O-O O-O 13. Kb1 Rc8 14. g4 Bg6 15. h4 b5 16. Bb3 h6 17. h5 Bh7 18. f4 a5 19. a3 a4 20. Ba2 b4 21. axb4 Rb8 22. g5 Bxe5 23. dxe5 Qb6 24. g6 fxg6 25. hxg6 Bxg6 26. Bxe6+ Kh8 27. Qd2 Qxb4 28.
Qxb4 Rxb4 29. Rhg1 Bf5 30. Bxf5 Rxf5 31. Rd7 Rbxf4 32. Rgxg7 Rxe5 33. Rh7+ Kg8 34. Rdg7+ Kf8 35. Rc7 Kg8 36. Rxh6 c5 37. Ra6 Ref5 38. Rc8+ Rf8 39.
Rxc5 Rb8 40. Rca5 Rfb4 41. Rxa4 Rxb2+ 42. Kc1 R2b6 43. Rxb6 Kf7 44. Rxb8 1-0